Map: Triton LE

Players

Neeb

  • Race: Protoss Protoss
  • Spawn Location: 11:00

Bly - Winner!

  • Race: Zerg Zerg
  • Spawn Location: 5:00

Event: IEM Katowice 2020

VOD

Have the link to the VOD?

Description

Time

  • Played on: Feb. 24, 2020, 10:04 a.m.
  • Length: 6:15

All games in this series

Show
View Real Time Build Order
Export as new Build Order

Neeb Protoss 

Build Orders: 1 Gate Expand 

Get SALT Encoding   

  12  0:00  Probe  
  13  0:12  Probe  
  14  0:18  Pylon  
  14  0:24  Probe  
  15  0:37  Probe (Chrono Boost)  
  15  0:40  Gateway  
  16  0:47  Assimilator  
  16  0:48  Probe (Chrono Boost)  
  17  0:53  Probe (Chrono Boost)  
  18  1:03  Probe  
  19  1:15  Probe  
  20  1:25  Nexus  
  20  1:34  Cybernetics Core  
  20  1:36  Probe  
  21  1:48  Probe  
  21  1:51  Pylon  
  22  1:57  Assimilator  
  22  2:00  Probe  
  23  2:07  Stalker (Chrono Boost)  
  23  2:12  Probe  
  26  2:18  Gateway  
  27  2:30  Shield Battery  
  27  2:32  Stalker (Chrono Boost)  
  28  2:41  Probe  
  30  2:44  Probe  
  30  2:48  Robotics Facility  
  30  2:55  Shield Battery  
  30  3:01  Stalker  
  32  3:07  Shield Battery  
  32  3:09  Pylon  
  32  3:19  Shield Battery  
  32  3:21  Adept  
  34  3:32  Immortal (Chrono Boost)  
  34  3:40  Pylon  
  37  3:41  Adept  
  37  3:43  Probe  
  37  3:44  Probe  
  41  3:55  Probe  
  42  3:56  Probe  
  43  4:05  Immortal (Chrono Boost)  
  47  4:13  Shield Battery  
  47  4:18  Shield Battery  
  47  4:25  Gateway  
  47  4:30  Pylon  
  47  4:31  Observer (Chrono Boost)  
  47  4:36  Pylon  
  48  4:48  Sentry  
  48  4:52  Gateway  
  50  4:53  Pylon  
  50  4:56  Warp Prism (Chrono Boost)  
  52  5:06  Gateway  
  52  5:12  Pylon  
  52  5:25  Immortal  
  54  5:31  Cybernetics Core  
  54  5:36  Zealot  
Show
View Real Time Build Order
Export as new Build Order

Bly Zerg - Winner!

Build Orders: Hatch First 

Get SALT Encoding   

  12  0:01  Drone  
  13  0:12  Overlord  
  13  0:17  Drone  
  14  0:33  Drone x2  
  16  0:56  Hatchery, Drone  
  16  1:02  Drone  
  17  1:04  Drone  
  18  1:15  Drone  
  18  1:16  Extractor  
  18  1:25  Spawning Pool  
  18  1:28  Drone  
  18  1:34  Drone  
  19  1:42  Extractor  
  18  1:51  Drone  
  18  1:52  Drone  
  20  2:03  Extractor  
  20  2:07  Drone  
  20  2:11  Drone  
  20  2:12  Roach Warren  
  20  2:14  Queen  
  22  2:18  Metabolic Boost  
  23  2:22  Zergling x2  
  23  2:28  Drone  
  24  2:35  Overlord  
  24  2:44  Queen  
  26  2:53  Roach x2  
  30  3:00  Roach  
  32  3:07  Roach  
  32  3:09  Overlord  
  34  3:15  Ravager  
  34  3:19  Ravager  
  36  3:32  Overlord  
  36  3:36  Ravager  
  36  3:37  Zergling x4  
  39  3:46  Zergling x8  
  43  3:59  Ravager  
  43  4:01  Zergling x8  
  48  4:07  Zergling x2  
  48  4:08  Zergling x4  
  51  4:13  Zergling x2  
  52  4:18  Overlord  
  52  4:26  Overlord  
  52  4:34  Overlord  
  52  4:42  Roach  
  52  4:43  Roach  
  56  4:52  Roach x2  
  59  5:04  Ravager x2  
  59  5:06  Zergling x4  
  63  5:14  Ravager x2  
  64  5:28  Zergling x12  
  66  5:36  Roach  
  67  5:56  Zergling x10  

Tags
 
Add a new tag
Caveats
  • Supply blocks, unpowered buildings, or Contaminate may cause inaccurate times.
  • Supply counts are checked every 10 seconds.